AoeStats
← Minero

Black Forest

507361613Analyzed
2v2 RM · 13d ago on Sep 17, 2026· 26m 28s· 4 players
Game mode
Random Map
Map size
Medium (4 player)
Population
200
Speed
Normal
Resources
Standard
Victory
Conquest
Starting age
Dark Age
Ending age
Imperial Age
RankedLock teamsTeams togetherTeam positionsShared explorationLock speedFull tech treeHidden civsTurbo modeCheats
Victory
Defeat
🇩🇪 Persians · Germany
1620
+5
🇩🇪 Bohemians · Germany
1469
+8
🇧🇷 Ethiopians · Brazil
1321
-7
🇧🇷 Mongols · Brazil
1304
-6
Zantins
0:54 Loom
12:18 Feudal Age
19:28 Castle Age
18:17 Double-Bit Axe
Minero
0:35 Loom
13:07 Feudal Age
14:27 Double-Bit Axe
16:32 Fletching
19:37 Horse Collar
20:46 Padded Archer Armor
23:24 Scale Mail Armor
Red_Iffun
6:55 Loom
11:45 Feudal Age
12:42 Double-Bit Axe
19:22 Castle Age
17:19 Horse Collar
19:32 Scale Barding Armor
20:14 Bow Saw
21:49 Forging
25:41 Ballistics
MatzeAoE
10:39 Loom
12:42 Feudal Age
19:33 Feudal Age
24:48 Double-Bit Axe
24:55 Horse Collar
Connection lost

Rejoining the realm…

Still unreachable

The connection could not be restored.

Session expired

The server has moved on; the page needs a fresh start.